AoeStats
← Drumstein

MegaRandom

510378993Analyzed
4v4 RM · 1d ago on Sep 30, 2026· 61m 3s· 8 players
Game mode
Random Map
Map size
Large (8 player)
Population
200
Speed
Normal
Resources
Standard
Victory
Conquest
Starting age
Dark Age
Ending age
Imperial Age
RankedLock teamsTeams togetherTeam positionsShared explorationLock speedFull tech treeHidden civsTurbo modeCheats
Victory
Defeat
🇨🇴 Celts · Colombia
1070
+15
🇺🇸 Mongols · United States
1031
+17
🇪🇸 Persians · Spain
1028
+17
🇺🇸 Varangians · United States
1022
+17
🇦🇷 Saracens · Argentina
1116
-19
🇩🇪 Vietnamese · Germany
1057
-17
🇳🇴 Poles · Norway
1052
-17
🇩🇪 Malians · Germany
952
-13
Alcatraz
7:53 Loom
11:00 Feudal Age
13:45 Bloodlines
14:03 Forging
13:58 Scale Barding Armor
19:14 Horse Collar
25:16 Castle Age
23:07 Double-Bit Axe
23:21 Gold Mining
24:26 Fletching
24:37 Padded Archer Armor
26:44 Husbandry
27:32 Wheelbarrow
27:46 Wheelbarrow
30:15 Imperial Age
28:55 Bow Saw
28:55 Bodkin Arrow
31:48 Bracer
32:04 Leather Archer Armor
33:04 Husbandry
32:26 Light Cavalry
34:27 Iron Casting
34:13 Chain Barding Armor
35:03 Conscription
36:20 Blast Furnace
39:55 Ballistics
40:48 Chemistry
41:40 Hand Cart
41:10 Town Watch
43:47 Nomads
45:22 Herbal Medicine
45:02 Hussar
46:23 Murder Holes
46:39 Masonry
47:11 Gold Shaft Mining
46:27 Stone Mining
48:25 Siege Engineers
49:17 Drill
50:56 Caravan
50:32 Capped Ram
51:30 Siege Ram
56:19 Elite Mangudai
57:35 Hoardings
60:40 Thumb Ring
61:00 Parthian Tactics
DigitalSixteen
11:30 Feudal Age
12:25 Loom
12:54 Double-Bit Axe
13:55 Bloodlines
16:08 Wheelbarrow
19:25 Castle Age
18:40 Forging
18:36 Scale Barding Armor
18:37 Horse Collar
19:26 Gold Mining
20:35 Bow Saw
20:55 Husbandry
21:18 Chain Barding Armor
24:20 Hand Cart
27:04 Heavy Plow
28:52 Iron Casting
33:47 Town Watch
37:25 Imperial Age
34:58 Stone Mining
37:07 Stone Shaft Mining
36:35 Caravan
36:32 Vendel Legacy
36:51 Light Cavalry
37:30 Cavalier
39:42 Plate Barding Armor
38:41 Capped Ram
41:34 Town Patrol
41:27 Fletching
43:42 Blast Furnace
42:38 Bodkin Arrow
44:28 Squires
44:14 Gambesons
44:15 Arson
46:44 Conscription
47:31 Elite Varangian Guard
48:20 Hussar
55:46 Treadmill Crane
bersandomusica
1:01 Loom
11:17 Feudal Age
12:44 Horse Collar
12:52 Double-Bit Axe
13:50 Bloodlines
14:45 Forging
20:21 Wheelbarrow
27:28 Castle Age
29:12 Husbandry
34:51 Scale Barding Armor
39:25 Iron Casting
38:23 Elite Skirmisher
42:43 Chain Barding Armor
46:55 Imperial Age
44:32 Gold Mining
48:29 Blast Furnace
47:41 Cavalier
49:41 Plate Barding Armor
51:06 Savar
56:49 Stone Mining
57:35 Gold Shaft Mining
59:32 Stone Shaft Mining
calmilo
11:48 Feudal Age
10:05 Loom
11:49 Man-at-Arms
12:35 Arson
21:23 Horse Collar
21:30 Double-Bit Axe
25:09 Castle Age
25:26 Forging
25:16 Scale Mail Armor
28:48 Heavy Plow
29:01 Bow Saw
30:46 Gold Mining
30:46 Stone Mining
31:51 Elite Skirmisher
36:16 Crossbowman
37:51 Fletching
38:02 Padded Archer Armor
40:30 Caravan
44:32 Ballistics
51:04 Iron Casting
50:34 Scale Barding Armor
50:49 Leather Archer Armor
50:30 Bodkin Arrow
51:08 Husbandry
54:29 Imperial Age
52:31 Light Cavalry
56:14 Chemistry
55:00 Cavalier
56:54 Iron Casting
56:25 Scale Barding Armor
56:52 Ring Archer Armor
59:21 Chain Barding Armor
60:02 Blast Furnace
SMF
7:26 Loom
11:47 Feudal Age
14:10 Scale Barding Armor
15:33 Forging
23:06 Castle Age
Drumstein
0:40 Loom
12:52 Feudal Age
13:27 Double-Bit Axe
20:53 Castle Age
19:35 Arson
19:49 Stone Mining
22:23 Squires
29:12 Pikeman
29:58 Murder Holes
30:15 Forging
30:03 Horse Collar
30:20 Town Watch
34:56 Bow Saw
36:13 Ballistics
36:04 Thumb Ring
37:27 Iron Casting
37:28 Fervor
38:39 Bloodlines
39:50 Wheelbarrow
43:48 Imperial Age
42:00 Tigui
43:06 Elite Skirmisher
45:11 Conscription
45:14 Gold Mining
45:18 Fletching
45:31 Scale Mail Armor
45:11 Imperial Skirmisher
46:24 Hand Cart
47:02 Elite Gbeto
47:11 Man-at-Arms
48:12 Chain Mail Armor
48:29 Padded Archer Armor
48:33 Bodkin Arrow
49:39 Heavy Plow
49:45 Town Patrol
51:18 Chemistry
50:37 Padded Archer Armor
52:29 Long Swordsman
53:40 Masonry
59:47 Capped Ram
EL LEON
1:00 Loom
10:59 Feudal Age
16:26 Castle Age
15:18 Double-Bit Axe
17:35 Bow Saw
21:11 Horse Collar
24:57 Wheelbarrow
26:08 Hand Cart
30:25 Heavy Plow
31:36 Gold Mining
32:44 Husbandry
36:56 Imperial Age
40:00 Conscription
40:02 Fletching
40:24 Forging
40:20 Scale Barding Armor
40:38 Caravan
41:46 Iron Casting
41:11 Scale Mail Armor
40:56 Heavy Camel Rider
44:36 Onager
45:19 Elite Mameluke
46:29 Bloodlines
47:48 Blast Furnace
47:09 Chain Barding Armor
48:35 Gold Shaft Mining
47:51 Stone Mining
xXTOUROXx
0:30 Loom
13:52 Feudal Age
18:28 Castle Age
25:06 Stone Mining
28:51 Fletching
30:10 Bodkin Arrow
36:40 Ballistics
41:15 Wheelbarrow
Connection lost

Rejoining the realm…

Still unreachable

The connection could not be restored.

Session expired

The server has moved on; the page needs a fresh start.